 Dungeon Crawl Stone Soup version 0.30-a0-1066-g63dfefce0d (webtiles) character file.

Game seed: 8012069358066632647

268 Farfigtubin the Chopper (level 6, -11/56 HPs)
             Began as a Hill Orc Fighter on Apr 12, 2023.
             Was an Initiate of Beogh.
             Mangled by Crazy Yiuf
             ... wielding a +2 quarterstaff of chaos
              (12 damage)
             ... on level 3 of the Dungeon.
             The game lasted 00:19:32 (2371 turns).

Farfigtubin the Chopper (Hill Orc Fighter)          Turns: 2371, Time: 00:19:33

Health: -11/56     AC: 10    Str: 21    XL:     6   Next: 21%
Magic:  7/7        EV:  9    Int:  8    God:    Beogh [......]
Gold:   199        SH:  4    Dex: 10    Spells: 5/5 levels left

rFire   . . .      SeeInvis .    a - +0 war axe
rCold   . . .      Faith    .    c - +0 buckler
rNeg    . . .      Spirit   .    b - +0 scale mail
rPois   .          Reflect  .    (no helmet)
rElec   .          Rampage  .    s - +0 cloak
rCorr   .                        m - +1 pair of gloves
Will    .....                    (no boots) Stlth
                                 r - amulet of regeneration
HPRegen 1.09/turn                (no ring)
MPRegen 0.10/turn                (no ring)

@: lethally poisoned (-11 -> -17)
A: no striking features
a: Renounce Religion


You were on level 3 of the Dungeon.
You worshipped Beogh.
Beogh was noncommittal.
You visited 1 branch of the dungeon, and saw 3 of its levels.

You collected 199 gold pieces.

Inventory:

Hand Weapons
 a - a +0 war axe (weapon)
Missiles
 g - 29 stones (quivered)
 i - 9 poisoned darts
Armour
 b - a +0 scale mail (worn)
 c - a +0 buckler (worn)
 m - a +1 pair of gloves (worn)
 s - a +0 cloak (worn)
Jewellery
 r - an amulet of regeneration (around neck)
Scrolls
 j - 2 scrolls of amnesia {unknown}
 l - 2 scrolls of brand weapon {unknown}
 n - 2 scrolls of identify {unknown}
 q - a scroll of enchant weapon {unknown}
 t - a scroll of vulnerability {unknown}
Potions
 d - 3 potions of might
 e - 3 potions of curing {unknown}
 f - a potion of attraction {unknown}
 h - a potion of mutation {unknown}
 k - a potion of ambrosia {unknown}
 o - 2 potions of heal wounds {unknown}
 p - a potion of haste {unknown}
 u - a potion of invisibility {unknown}


   Skills:
 + Level 5.1 Fighting
 * Level 6.3 Axes
 - Level 1.1 Throwing
 - Level 3.2 Armour
 - Level 3.2 Shields
 + Level 2.5 Invocations


You had 5 spell levels left.
You didn't know any spells.
Your spell library was empty.

Dungeon Overview and Level Annotations

Branches:
Dungeon (3/15)

Altars:

Shops:
D:2 *

Portals:
Abyss: D:3

Annotations:
D:3 2 transporters, Crazy Yiuf; Sleet's ghost, amateur DjFE


Message History

There is a stone staircase leading up here.
Found a hammer.
Found a runed translucent door.
Crazy Yiuf shouts!
Press: ? - help, v - describe, . - travel
Here: Crazy Yiuf, wielding a +2 quarterstaff of chaos and wearing a +2 cloak (fire blocked by a runed translucent door)
The floor.
You open the door.
Crazy Yiuf cries, "You leg down broken song, no?"
You barely miss Crazy Yiuf.
Crazy Yiuf whimpers, "Pitchfork!"
Crazy Yiuf hits you but does no damage.
You are confused.
Crazy Yiuf barely misses you.
You are too confused!
You bump into the tree.
Crazy Yiuf hits you with a +2 quarterstaff of chaos.
You are electrocuted!
You bump into the stone wall.
Crazy Yiuf barely misses you.
You bump into the stone wall.
Crazy Yiuf hits you with a +2 quarterstaff of chaos!
You bump into the stone wall.
Crazy Yiuf hits you with a +2 quarterstaff of chaos!
You are poisoned.
You feel less confused.
You feel very sick.
You closely miss Crazy Yiuf.
You feel very sick.
Crazy Yiuf hits you with a +2 quarterstaff of chaos.
* * * LOW HITPOINT WARNING * * *
Crazy Yiuf freezes you.
* * * LOW HITPOINT WARNING * * *
You closely miss Crazy Yiuf.
You feel very sick. Crazy Yiuf hits you but does no damage.
You are lethally poisoned!
You barely miss Crazy Yiuf.
* * * LOW HITPOINT WARNING * * *
You feel very sick.
Crazy Yiuf hits you with a +2 quarterstaff of chaos!
You die...

#....................#
#.#.###.....###....###
#.#.# #.##### #+..+#
#.#.# #.# ♣....♣
#.#.###.##### ♣...♣♣
#.#.........# ♣♣.♣♣
#.#####.##### ♣.♣♣
#.......# ♣♣.♣
#.####..# ♣@♣♣
######### # #.####..#
♣♣g♣ #.......###
#...÷...# #'#
#......... ...###.##
... #.........
....##.# #...#
##..o.).... ....##.#
#..)# #....###...
#....#.# #####
#....#5##..
#....).######
#....#..#..
#...........####
####..[##.##..


You could see Crazy Yiuf.

Vanquished Creatures
  An ogre (D:3)
  An iguana (D:3)
  8 adders
  2 worms (D:3)
  A dart slug (D:2)
  7 orcs (D:3)
  3 bats
  5 endoplasms
  A giant cockroach (D:2)
  9 goblins
  8 hobgoblins
  4 jackals (D:2)
  5 kobolds
  2 quokkas
  2 ball pythons (D:1)
  A frilled lizard (D:1)
  5 rats
65 creatures vanquished.

Vanquished Creatures (others)
  An orc priest (D:3)
  A goblin (D:3)
  A plant (D:2)
3 creatures vanquished.

Grand Total: 68 creatures vanquished

Notes
Turn   | Place    | Note
-------+----------+-------------------------------------------
     0 | D:1      | Farfigtubin the Hill Orc Fighter began the quest for the
                  | Orb.
     0 | D:1      | Reached XP level 1. HP: 19/19 MP: 1/1
   174 | D:2      | Reached skill level 3 in Axes
   223 | D:1      | Reached XP level 2. HP: 27/27 MP: 2/2
   497 | D:2      | Reached skill level 1 in Throwing
   497 | D:2      | Reached XP level 3. HP: 33/33 MP: 3/3
   565 | D:3      | Noticed an ogre
   594 | D:2      | Found Ypucezerch's Assorted Antiques.
   610 | D:2      | Reached skill level 4 in Axes
   800 | D:2      | Reached XP level 4. HP: 29/40 MP: 4/4
  1183 | D:3      | Became a worshipper of Beogh the Brigand
  1236 | D:3      | Found a one-way gate to the infinite horrors of the Abyss.
  1236 | D:3      | Noticed Sleet's ghost (amateur DjFE)
  1239 | D:3      | Found a transporter.
  1282 | D:3      | Killed an ogre
  1283 | D:3      | Reached skill level 5 in Axes
  1283 | D:3      | Reached skill level 1 in Invocations
  1283 | D:3      | Reached XP level 5. HP: 14/47 MP: 4/6
  1364 | D:3      | Found a transporter.
  1561 | D:3      | Reached skill level 5 in Fighting
  1561 | D:3      | Reached skill level 6 in Axes
  1598 | D:3      | Reached XP level 6. HP: 52/56 MP: 7/7
  1984 | D:1      | Reached * piety under Beogh
  2358 | D:3      | Found a runed translucent door.
  2359 | D:3      | Noticed Crazy Yiuf
  2371 | D:3      | HP: 1/56 [poisoned by Crazy Yiuf]
  2371 | D:3      | Mangled by Crazy Yiuf

Illustrated notes

Levels and vault maps discovered:
D:1:      nicolae_arrival_washed_ashore, layout_loops_cross
D:2:      layout_basic, serial_shops, nicolae_shop_overgrown_old_shop,
          chequers_serial_rivers_room_b, minmay_misc_feat_rugged,
          grunt_decor_cap, corexii_corridor_pit, minmay_ruptured
D:3:      layout_loops_ring, gammafunk_ghost_abyssal_escape,
          uniq_crazy_yiuf_cottage

Skill      XL: |  1  2  3  4  5 |
---------------+----------------+-----
Axes           | 3 4 5 6 |  6.3
Fighting       | 4 5 |  5.1
Throwing       | 1 |  1.1
Invocations    | 1 2 |  2.5
Armour         | |  3.2
Shields        | |  3.2

Action                     |  1- 3 |  4- 6 || total
---------------------------+-------+-------++-------
  Melee: War axe           |    93 |   122 ||   215
  Throw: Stone             |       |     7 ||     7
         Dart              |       |     7 ||     7
 Invoke: Convert to Beogh  |       |     1 ||     1
 Armour: Scale mail        |    38 |    48 ||    86
  Dodge: Dodged            |    37 |    46 ||    83
  Block: Buckler           |    24 |    30 ||    54

Table legend: (Time is in decaauts)
 A = Elapsed time spent in this place.
 B = Non-inter-level travel time spent in this place.
 C = Inter-level travel time spent in this place.
 D = Time resting spent in this place.
 E = Time spent auto-exploring this place.
 F = Levels seen in this place.
 G = Mean time per level.
                   A        B        C        D        E       F      G
               +--------+--------+--------+--------+--------+-----+--------+
         Total |   2455 |   2095 |    360 |     73 |    607 |   3 |  818.3 |
       Dungeon |   2455 |   2095 |    360 |     73 |    607 |   3 |  818.3 |
               +--------+--------+--------+--------+--------+-----+--------+

Top non-repeatable levels by time:
     D:2: 919 daAuts
     D:3: 809 daAuts
     D:1: 726 daAuts
